[Event "Early-Titled-Tuesday-Blitz-January-30-2024"]
[Site "Chess.com"]
[Date "2024.01.30"]
[Round "5"]
[White "Resignify"]
[Black "WindWhistler11"]
[Result "0-1"]
[WhiteElo "2277"]
[BlackElo "2462"]
[TimeControl "180+1"]
[EndTime "8:54:24 PST"]
[Termination "WindWhistler11 won by resignation"]

1. e4 e6 2. d3 d5 3. Nd2 Nf6 4. Ngf3 c5 5. g3 Nc6 6. Bg2 g6 7. O-O Bg7 8. Re1 O-O 9. c3 b6 10. a3 a5 11. a4 Ba6 12. Bf1 Qc7 13. Qc2 Rad8 14. Rb1 Nd7 15. exd5 exd5 16. Bg2 Nde5 17. Nxe5 Nxe5 18. c4 dxc4 19. dxc4 Nd3 20. Rd1 Nb4 21.
Qe4 Rd4 22. Qe1 Rfd8 23. b3 Nd3 24. Qf1 Nxc1 25. Rbxc1 Rxd2 26. Rxd2 Rxd2 27. Qe1 Rd8 28. Bd5 Bb7 29. Rd1 Bxd5 30. cxd5 Bd4 31. Qe4 Qd6 0-1

[Event "Early-Titled-Tuesday-Blitz-January-30-2024"]
[Site "Chess.com"]
[Date "2024.01.30"]
[Round "5"]
[White "DonkyDonkyDonkey"]
[Black "Savagelittlemole"]
[Result "1-0"]
[WhiteElo "2747"]
[BlackElo "2483"]
[TimeControl "180+1"]
[EndTime "8:54:33 PST"]
[Termination "DonkyDonkyDonkey won by resignation"]

1. e4 c5 2. Nc3 d6 3. f4 g6 4. Nf3 Bg7 5. Bc4 e6 6. O-O Ne7 7. d3 O-O 8. Qe1 Nbc6 9. f5 exf5 10. Qh4 d5 11. exd5 Ne5 12. Nxe5 Bxe5 13. Bg5 Re8 14.
Rae1 Bd6 15. Nb5 h6 16. Qxh6 1-0

[Event "Early-Titled-Tuesday-Blitz-January-30-2024"]
[Site "Chess.com"]
[Date "2024.01.30"]
[Round "5"]
[White "LangesNasenhaar"]
[Black "Korchmar_Vasiliy"]
[Result "1-0"]
[WhiteElo "2447"]
[BlackElo "2704"]
[TimeControl "180+1"]
[EndTime "8:54:52 PST"]
[Termination "LangesNasenhaar won by checkmate"]

1. d4 d5 2. Nc3 Bf5 3. f3 Nf6 4. g4 Bg6 5. h4 h5 6. g5 Nfd7 7. e4 dxe4 8. fxe4 e5 9. Nf3 Bb4 10. Bc4 O-O 11. Be3 Bxe4 12. O-O exd4 13. Nxe4 dxe3 14.
g6 Nc6 15. Nfg5 Nce5 16. Qxh5 Nxg6 17. Qxg6 Ne5 18. Qh7# 1-0

[Event "Early-Titled-Tuesday-Blitz-January-30-2024"]
[Site "Chess.com"]
[Date "2024.01.30"]
[Round "5"]
[White "yjjga"]
[Black "PavelShkapenko"]
[Result "0-1"]
[WhiteElo "2472"]
[BlackElo "2767"]
[TimeControl "180+1"]
[EndTime "8:54:55 PST"]
[Termination "PavelShkapenko won by resignation"]

1. d4 Nf6 2. c4 e6 3. Nf3 Bb4+ 4. Bd2 Qe7 5. a3 Bxd2+ 6. Nbxd2 d6 7. g3 e5 8. dxe5 dxe5 9. Bg2 e4 10. Nd4 e3 11. fxe3 Qxe3 12. Nf1 Qe7 13. Qd3 O-O 14.
O-O-O Ng4 15. Nf5 Qg5+ 16. N5e3 Nf2 17. Qb3 Nxd1 18. Kxd1 Na6 19. h4 Qe5 20. Qc2 Nc5 21.
Kc1 Bd7 22. Nd5 Ba4 23. Qc3 Qxe2 24. Bf3 Nd3+ 25. Kb1 Qxf3 26. Nd2 Qxh1+ 0-1

[Event "Early-Titled-Tuesday-Blitz-January-30-2024"]
[Site "Chess.com"]
[Date "2024.01.30"]
[Round "5"]
[White "Bilan_Danila"]
[Black "eightbyeightchess"]
[Result "1-0"]
[WhiteElo "2625"]
[BlackElo "2430"]
[TimeControl "180+1"]
[EndTime "8:54:56 PST"]
[Termination "Bilan_Danila won by resignation"]

1. d4 d5 2. Nf3 Nf6 3. e3 c5 4. b3 Nc6 5. Bb2 cxd4 6. exd4 Bg4 7. Nbd2 e6 8. a3 Bd6 9. Bd3 O-O 10. O-O Rc8 11. Qe1 Nh5 12. Ne5 Qg5 13. Ndf3 Bxf3 14.
Nxf3 Qg4 15. h3 Qf4 16. Bc1 Qf6 17. Bg5 1-0

[Event "Early-Titled-Tuesday-Blitz-January-30-2024"]
[Site "Chess.com"]
[Date "2024.01.30"]
[Round "5"]
[White "Sanan_Sjugirov"]
[Black "Druid24"]
[Result "1-0"]
[WhiteElo "2999"]
[BlackElo "2714"]
[TimeControl "180+1"]
[EndTime "8:54:57 PST"]
[Termination "Sanan_Sjugirov won by resignation"]

1. e4 c6 2. d4 d5 3. e5 Bf5 4.
Nf3 e6 5. Be2 a6 6. O-O h6 7.
Nbd2 Nd7 8. a4 Ne7 9. Nb3 Bh7 10. a5 Nf5 11. c3 Be7 12. g4 Nh4 13. Nxh4 Bxh4 14.
f4 f5 15. exf6 Bf5 16. gxf5 Nxf6 17. Bh5+ Kf8 18. Nc5 Kg8 19. Nxe6 Qd6 20. Bg6 Ne4 21. Qg4 Bf6 22. Be3 h5 23. Qg2 h4 24. Ng5 h3 25. Qf3 Rh4 26. Kh1 Rf8 27. Nxe4 dxe4 28. Qxe4 Kh8 29. Qf3 Re8 30. Bxe8 1-0

[Event "Early-Titled-Tuesday-Blitz-January-30-2024"]
[Site "Chess.com"]
[Date "2024.01.30"]
[Round "5"]
[White "OhanyanEminChess"]
[Black "Vsevolod_Ovchinnikov"]
[Result "0-1"]
[WhiteElo "2812"]
[BlackElo "2642"]
[TimeControl "180+1"]
[EndTime "8:54:59 PST"]
[Termination "Vsevolod_Ovchinnikov won by resignation"]

1. e4 g6 2. d4 Bg7 3. Nc3 a6 4.
f4 b5 5. Nf3 d6 6. Bd3 Bb7 7. e5 Nh6 8. Qe2 O-O 9. Ne4 e6 10.
Be3 Nd7 11. exd6 Nf5 12. dxc7 Qxc7 13. Ne5 Rad8 14. Bf2 Nf6 15. c3 b4 16. Rc1 Nxd4 17. Bxd4 Rxd4 18. O-O Rxe4 19. Bxe4 Nxe4 20. cxb4 Qb6+ 21.
Kh1 Qxb4 22. Rc4 Qb5 23. a4 Qd5 24. Rd1 Qxd1+ 0-1

[Event "Early-Titled-Tuesday-Blitz-January-30-2024"]
[Site "Chess.com"]
[Date "2024.01.30"]
[Round "5"]
[White "Eagle_2019"]
[Black "SaqoChess_Twitch"]
[Result "1-0"]
[WhiteElo "2812"]
[BlackElo "2584"]
[TimeControl "180+1"]
[EndTime "8:54:59 PST"]
[Termination "Eagle_2019 won by resignation"]

1. d4 d5 2. Nf3 e6 3. g3 Nf6 4. Bg2 Be7 5. O-O O-O 6. c4 dxc4 7. Qc2 a6 8. a4 c5 9. dxc5 Bxc5 10. Bf4 Nbd7 11. Nbd2 Nd5 12. Nxc4 Nxf4 13. gxf4 b5 14. axb5 g6 15. Nfe5 Nxe5 16. Nxe5 Qc7 17. Rfc1 Bxf2+ 18. Kxf2 Qb6+ 19. Qc5 Rb8 20. bxa6 Bxa6 21. Qxb6 Rxb6 22. Nd7 1-0

[Event "Early-Titled-Tuesday-Blitz-January-30-2024"]
[Site "Chess.com"]
[Date "2024.01.30"]
[Round "5"]
[White "Yeritsyaan"]
[Black "SHIVACalypso"]
[Result "1-0"]
[WhiteElo "2631"]
[BlackElo "2441"]
[TimeControl "180+1"]
[EndTime "8:55:00 PST"]
[Termination "Yeritsyaan won by checkmate"]

1. c4 Nf6 2. Nc3 e6 3. e3 d5 4. Nf3 c5 5. cxd5 Nxd5 6. d4 Nxc3 7. bxc3 Nd7 8. Bd3 b6 9. O-O Bb7 10. e4 Be7 11. Re1 h6 12. Qe2 O-O 13. e5 Rc8 14.
Bf4 Qc7 15. Rad1 Rfd8 16. h4 cxd4 17. cxd4 Nf8 18. h5 Bb4 19. Rf1 Qc3 20. Qe3 Qb2 21. Bxh6 gxh6 22. Qxh6 Bxf3 23. Qg5+ Kh8 24. h6 Ng6 25. Qf6+ Kh7 26. Qg7# 1-0

[Event "Early-Titled-Tuesday-Blitz-January-30-2024"]
[Site "Chess.com"]
[Date "2024.01.30"]
[Round "5"]
[White "AldokhinIvan"]
[Black "WhiteKnight2612"]
[Result "1-0"]
[WhiteElo "2649"]
[BlackElo "2819"]
[TimeControl "180+1"]
[EndTime "8:55:04 PST"]
[Termination "AldokhinIvan won by resignation"]

1. e4 d6 2. d4 Nd7 3. Nc3 e5 4. Nf3 Ngf6 5. g4 Nxg4 6. Rg1 Ngf6 7. Bc4 h6 8. Be3 g6 9. Qd2 c6 10. dxe5 dxe5 11. O-O-O Be7 12. Bxh6 b5 13. Bb3 b4 14. Na4 Nxe4 15. Qe3 f5 16. Nxe5 Rxh6 17. Bf7+ 1-0

[Event "Early-Titled-Tuesday-Blitz-January-30-2024"]
[Site "Chess.com"]
[Date "2024.01.30"]
[Round "5"]
[White "MetiForce"]
[Black "Roman_Ovetchkin"]
[Result "0-1"]
[WhiteElo "2833"]
[BlackElo "2655"]
[TimeControl "180+1"]
[EndTime "8:55:09 PST"]
[Termination "Roman_Ovetchkin won by resignation"]

1. c4 Nf6 2. Nf3 g6 3. Nc3 Bg7 4. g3 O-O 5. Bg2 d6 6. d4 c6 7. O-O Bf5 8. Nh4 Be6 9. b3 d5 10. cxd5 cxd5 11. f4 Nc6 12. f5 Bxf5 13. Nxf5 gxf5 14.
Rxf5 e6 15. Rf4 Ne8 16. Ba3 Nd6 17. e3 f5 18. Qh5 Rf6 19. g4 Rh6 20. Qxh6 Bxh6 21.
Rf3 fxg4 22. Rg3 Kh8 23. Kh1 Nf5 24. Rxg4 Nxe3 25. Rg3 Nf5 26. Rh3 Qa5 27. Na4 Bg7 28. Re1 Qxe1+ 0-1

[Event "Early-Titled-Tuesday-Blitz-January-30-2024"]
[Site "Chess.com"]
[Date "2024.01.30"]
[Round "5"]
[White "Maxfan2008"]
[Black "FontVella8"]
[Result "1-0"]
[WhiteElo "2519"]
[BlackElo "2756"]
[TimeControl "180+1"]
[EndTime "8:55:11 PST"]
[Termination "Maxfan2008 won by resignation"]

1. d4 d5 2. c4 e6 3. Nf3 Nf6 4. g3 Bb4+ 5. Bd2 Be7 6. Bg2 O-O 7. O-O c6 8. Nc3 b6 9. b3 Ba6 10. cxd5 cxd5 11. Rc1 Nbd7 12. Re1 Rc8 13. a4 Ba3 14.
Rc2 Qe7 15. Nb5 Bxb5 16. axb5 Ne4 17. e3 Bb4 18. Bxb4 Qxb4 19. Qd3 Rxc2 20. Qxc2 Qxb5 21. Bf1 Qb4 22. Ra1 a5 23. Bd3 Ndf6 24. Ne5 h6 25. Rc1 Qd2 26. Qxd2 Nxd2 27. Rc6 Rb8 28. Bc2 b5 29.
Ra6 a4 30. bxa4 b4 31. Nc6 b3 32. Bd3 Rb7 33. Ra8+ 1-0

[Event "Early-Titled-Tuesday-Blitz-January-30-2024"]
[Site "Chess.com"]
[Date "2024.01.30"]
[Round "5"]
[White "CarlosjPineror"]
[Black "lachesisQ"]
[Result "1-0"]
[WhiteElo "2670"]
[BlackElo "3109"]
[TimeControl "180+1"]
[EndTime "8:55:13 PST"]
[Termination "CarlosjPineror won by resignation"]

1. e4 c5 2. Nf3 d6 3. d4 cxd4 4.
Nxd4 Nf6 5. Nc3 a6 6. Bg5 e6 7. f4 h6 8. Bh4 Nbd7 9. Qe2 Qc7 10. O-O-O Be7 11. g4 b5 12. Bg2 Bb7 13. e5 dxe5 14.
fxe5 Ng8 15. Bxe7 Nxe7 16. Ndxb5 axb5 17. Nxb5 Qxe5 18. Qxe5 Nxe5 19. Bxb7 Rb8 20. Nd6+ Kf8 21. a4 Nxg4 22. a5 Nf2 23. a6 Nxd1 24. a7 Rd8 25. Rxd1 g5 26. Nc8 Rxd1+ 27. Kxd1 Nf5 28. a8=Q Kg7 29. Qa5 h5 30. Qe5+ Kh7 31. Nd6 Rd8 32. Be4 f6 33. Bxf5+ 1-0

[Event "Early-Titled-Tuesday-Blitz-January-30-2024"]
[Site "Chess.com"]
[Date "2024.01.30"]
[Round "5"]
[White "Baby_Legs"]
[Black "ExchangeAB"]
[Result "1-0"]
[WhiteElo "2645"]
[BlackElo "2459"]
[TimeControl "180+1"]
[EndTime "8:55:16 PST"]
[Termination "Baby_Legs won by resignation"]

1. d4 d5 2. Nf3 c6 3. e3 Nf6 4. c4 Bf5 5. Nc3 e6 6. Nh4 Bg4 7.
Qb3 Qb6 8. h3 Bh5 9. Bd2 Nbd7 10.
cxd5 exd5 11. g4 Bg6 12. Nxg6 hxg6 13. Bg2 Bd6 14. Qc2 O-O-O 15. Nxd5 Nxd5 16. Bxd5 f5 17. O-O-O Kb8 18. Bg2 Rhf8 19. gxf5 gxf5 20. Kb1 f4 21. Qg6 c5 22. Bc3 f3 23. Bf1 Rg8 24. Bc4 Rgf8 25. h4 1-0

[Event "Early-Titled-Tuesday-Blitz-January-30-2024"]
[Site "Chess.com"]
[Date "2024.01.30"]
[Round "5"]
[White "gshwbedhkhd"]
[Black "ValentunHulka"]
[Result "1-0"]
[WhiteElo "2616"]
[BlackElo "2796"]
[TimeControl "180+1"]
[EndTime "8:55:17 PST"]
[Termination "gshwbedhkhd won by resignation"]

1. e4 c5 2. Nf3 Nf6 3. Nc3 d5 4. exd5 Nxd5 5. Be2 g6 6. O-O Bg7 7. Re1 O-O 8. h3 Nc6 9. Ne4 b6 10. d3 Bb7 11. Bf1 h6 12. c3 e5 13. g3 Qd7 14.
Bg2 Rad8 15. a3 Nde7 16. Bxh6 Qxd3 17. Bxg7 Kxg7 18. Qxd3 Rxd3 19. Neg5 Kf6 20. Nh7+ Kg7 21. Nxf8 Kxf8 22. Nxe5 Nxe5 23. Bxb7 Nc4 24. Ba6 Nxb2 25. Bxd3 Nxd3 26. Re2 c4 27. Re4 b5 28. a4 a6 29.
axb5 axb5 30. Ra8+ 1-0

[Event "Early-Titled-Tuesday-Blitz-January-30-2024"]
[Site "Chess.com"]
[Date "2024.01.30"]
[Round "5"]
[White "Iuckyducky"]
[Black "Kildepiotr"]
[Result "0-1"]
[WhiteElo "2361"]
[BlackElo "2666"]
[TimeControl "180+1"]
[EndTime "8:55:22 PST"]
[Termination "Kildepiotr won by resignation"]

1. e4 g6 2. d4 Bg7 3. Nc3 c6 4.
f4 d5 5. Nf3 Nh6 6. Bd3 Bg4 7.
Be3 dxe4 8. Bxe4 Nf5 9. Bxf5 gxf5 10. h3 Bxf3 11. Qxf3 Bxd4 12. Rd1 Bxc3+ 13. bxc3 Qa5 14. Bd4 Rg8 15. O-O Nd7 16. Rfe1 e6 17. Qh5 Qd5 18. Rd2 Nf6 19. Re5 Nxh5 0-1

[Event "Early-Titled-Tuesday-Blitz-January-30-2024"]
[Site "Chess.com"]
[Date "2024.01.30"]
[Round "5"]
[White "PabloZarnicki"]
[Black "claudyna16"]
[Result "0-1"]
[WhiteElo "2544"]
[BlackElo "2365"]
[TimeControl "180+1"]
[EndTime "8:55:22 PST"]
[Termination "claudyna16 won by checkmate"]

1. e4 e5 2. Nf3 Nc6 3. Bb5 a6 4. Ba4 d6 5. c3 Bd7 6. d4 g6 7. h4 b5 8. Bb3 Bg4 9. dxe5 Nxe5 10.
Nxe5 Bxd1 11. Bxf7+ Ke7 12. Nc6+ Kxf7 13. Nxd8+ Rxd8 14.
Kxd1 Nf6 15. f3 Bg7 16. Bg5 h6 17. Bxf6 Bxf6 18. Kc2 d5 19. Nd2 d4 20. cxd4 Rxd4 21. Rad1 Rhd8 22. Nb3 Rc4+ 23. Kb1 Rxd1+ 24. Rxd1 Bxh4 25.
Na5 Rc5 26. Rd7+ Ke6 27. Rh7 Bg5 28. Nb3 Rc4 29. Na5 Rc1# 0-1

[Event "Early-Titled-Tuesday-Blitz-January-30-2024"]
[Site "Chess.com"]
[Date "2024.01.30"]
[Round "5"]
[White "stollenmonster"]
[Black "FabianoCaruana"]
[Result "0-1"]
[WhiteElo "2916"]
[BlackElo "3066"]
[TimeControl "180+1"]
[EndTime "8:55:32 PST"]
[Termination "FabianoCaruana won by resignation"]

1. e4 e5 2. Nc3 Nc6 3. g3 Bc5 4. Bg2 d6 5. Nge2 Nge7 6. d3 O-O 7. O-O a6 8. h3 f5 9. exf5 Bxf5 10. Kh2 h6 11. f4 Be6 12. g4 exf4 13. d4 Ba7 14. d5 f3 15. Rxf3 Rxf3 16. Bxf3 Ne5 17. Bg2 Bf7 18. Nf4 N7g6 19. Qe2 Qh4 20. Bd2 Re8 21.
Rf1 Nxf4 22. Bxf4 Ng6 23. Qc4 Nxf4 24. Qxf4 Qe7 25. Be4 Bd4 26. Qf5 g6 0-1

[Event "Early-Titled-Tuesday-Blitz-January-30-2024"]
[Site "Chess.com"]
[Date "2024.01.30"]
[Round "5"]
[White "Der_Balak_3Halak"]
[Black "FREDERICKtheMATE"]
[Result "0-1"]
[WhiteElo "2343"]
[BlackElo "2573"]
[TimeControl "180+1"]
[EndTime "8:55:37 PST"]
[Termination "FREDERICKtheMATE won by resignation"]

1. e4 c5 2. Nf3 Nc6 3. Bb5 g6 4. O-O Bg7 5. c3 e5 6. d4 cxd4 7. cxd4 exd4 8. Bf4 Nge7 9. Bd6 a6 10. Bc4 b5 11.
Bb3 Bb7 12. Nbd2 Nc8 13. Bf4 O-O 14. e5 d5 15. Re1 Re8 16. Rc1 Nb6 17. Nf1 Nc4 18.
Nxd4 N6xe5 19. Bxc4 dxc4 20. Bxe5 Bxe5 21. Nf3 Bxb2 22.
Rb1 Qxd1 23. Rexd1 c3 24. Ne1 Be4 25. f3 Bxb1 26.
Rxb1 Rxe1 27. Rxe1 c2 0-1

[Event "Early-Titled-Tuesday-Blitz-January-30-2024"]
[Site "Chess.com"]
[Date "2024.01.30"]
[Round "5"]
[White "Zohid6"]
[Black "kingofthenil"]
[Result "1-0"]
[WhiteElo "2865"]
[BlackElo "2671"]
[TimeControl "180+1"]
[EndTime "8:55:42 PST"]
[Termination "Zohid6 won by resignation"]

1. d4 d5 2. Nc3 e6 3. e4 Nf6 4. e5 Nfd7 5. Nce2 c5 6. c3 Nc6 7.
Nf3 f6 8. Nf4 fxe5 9. Nxe6 Qb6 10. dxe5 Ncxe5 11. Nxf8 Rxf8 12. Nxe5 Nxe5 13. Qxd5 Ng4 14.
Bc4 Bd7 15. Bg5 h6 16. Qe4+ Be6 17. Bxe6 Nf6 18. Bxf6 Rxf6 19. Bc4+ Kf8 20. O-O Re8 21. Qd5 1-0

[Event "Early-Titled-Tuesday-Blitz-January-30-2024"]
[Site "Chess.com"]
[Date "2024.01.30"]
[Round "5"]
[White "monomita"]
[Black "soloderisas"]
[Result "1-0"]
[WhiteElo "2776"]
[BlackElo "2520"]
[TimeControl "180+1"]
[EndTime "8:55:47 PST"]
[Termination "monomita won by resignation"]

1. Nf3 d5 2. e3 Nf6 3. b3 Bf5 4. Bb2 e6 5. c4 Nbd7 6. Nc3 Nc5 7. d4 Nce4 8. c5 Be7 9. Be2 O-O 10.
O-O b6 11. b4 a5 12. a3 Nxc3 13. Bxc3 Ne4 14. Bb2 Bf6 15. c6 axb4 16. axb4 Qd6 17. b5 Qb4 18. Qc1 Rxa1 19. Qxa1 h6 20. Ba3 Qc3 21.
Bxf8 Kxf8 22. Qa8+ Ke7 23. Qc8 Qc2 24. Qxc7+ Ke8 25.
Qc8+ Bd8 26. Qd7+ 1-0

[Event "Early-Titled-Tuesday-Blitz-January-30-2024"]
[Site "Chess.com"]
[Date "2024.01.30"]
[Round "5"]
[White "VinzentSpitzl"]
[Black "stasOR4ik"]
[Result "1-0"]
[WhiteElo "2623"]
[BlackElo "2423"]
[TimeControl "180+1"]
[EndTime "8:55:52 PST"]
[Termination "VinzentSpitzl won by resignation"]

1. e4 c6 2. d4 d5 3. exd5 cxd5 4. Bd3 Nc6 5. c3 Nf6 6. Bf4 Bg4 7. Qb3 Qd7 8. Nd2 e6 9. h3 Bh5 10. Ngf3 Bd6 11.
Bxd6 Qxd6 12. O-O O-O 13. Rfe1 Bg6 14. Bxg6 hxg6 15. Ne5 Rab8 16. Qd1 Nd7 17. Nxd7 Qxd7 18. h4 Rfe8 19. h5 Ne7 20. Nf3 Qb5 21. Ne5 Qxb2 22. hxg6 f6 23. Nd7 Rbd8 24. Nxf6+ gxf6 25. Qh5 Nxg6 26. Qxg6+ Kf8 27. Qxf6+ Kg8 28. Re3 Qxa1+ 29. Kh2 1-0

[Event "Early-Titled-Tuesday-Blitz-January-30-2024"]
[Site "Chess.com"]
[Date "2024.01.30"]
[Round "5"]
[White "KVAIDAN"]
[Black "CaspiIsrael"]
[Result "0-1"]
[WhiteElo "2366"]
[BlackElo "2761"]
[TimeControl "180+1"]
[EndTime "8:55:53 PST"]
[Termination "CaspiIsrael won by checkmate"]

1. f4 d5 2. Nf3 g6 3. e3 Bg7 4. Be2 Nf6 5. O-O O-O 6. d3 c5 7. Kh1 Nc6 8. a4 Re8 9. Ne5 Qc7 10. Nxc6 bxc6 11. Nc3 Rb8 12. e4 Ba6 13. f5 Rbd8 14.
Bf4 Qb7 15. e5 Qxb2 16. exf6 Bxf6 17. Na2 Qxa1 18. Qxa1 Bxa1 19. Rxa1 gxf5 20. Rf1 f6 21.
Rf3 e5 22. Rg3+ Kh8 23. Bh6 Re7 24. Nc3 f4 25. Rh3 Rb8 26. Kg1 Rb2 27. Bd1 c4 28. dxc4 Bxc4 29. Bf8 Rf7 30. Ba3 Rb8 31. Kf2 a5 32.
Ne2 Rg7 33. Ng1 Rb1 34. Bh5 Rf1# 0-1

[Event "Early-Titled-Tuesday-Blitz-January-30-2024"]
[Site "Chess.com"]
[Date "2024.01.30"]
[Round "5"]
[White "simonachess"]
[Black "Boundless_Strike"]
[Result "0-1"]
[WhiteElo "2356"]
[BlackElo "2633"]
[TimeControl "180+1"]
[EndTime "8:55:54 PST"]
[Termination "Boundless_Strike won by checkmate"]

1. d4 e5 2. dxe5 d6 3. exd6 Bxd6 4. Nf3 Nc6 5. g3 Bg4 6. Bg2 Qe7 7. Nbd2 O-O-O 8. c3 Nf6 9. O-O h5 10. Qb3 h4 11. Nd4 hxg3 12. Nxc6 gxf2+ 13. Rxf2 Qe3 14. Ne7+ Kd7 15. Nd5 Bxh2+ 16. Kf1 Bxe2+ 17. Rxe2 Qg1# 0-1

[Event "Early-Titled-Tuesday-Blitz-January-30-2024"]
[Site "Chess.com"]
[Date "2024.01.30"]
[Round "5"]
[White "LevonAronian"]
[Black "GothamChess"]
[Result "1-0"]
[WhiteElo "3096"]
[BlackElo "2750"]
[TimeControl "180+1"]
[EndTime "8:55:56 PST"]
[Termination "LevonAronian won by resignation"]

1. e4 e6 2. d4 d5 3. e5 c5 4. c3 Ne7 5. Nf3 Nec6 6. a3 a5 7. Bd3 a4 8. O-O Be7 9. Re1 b6 10. Bc2 b5 11. Nbd2 g5 12. h3 h5 13. Nf1 g4 14. hxg4 hxg4 15. N3h2 Qb6 16. Be3 Rg8 17.
Nxg4 Nd7 18. Nh6 Rh8 19. Qh5 Nd8 20. Ng3 Nf8 21. Qf3 Ra7 22. Nh5 Kd7 23. Nxf7 Nxf7 24.
Qxf7 Kc6 25. Qe8+ 1-0

[Event "Early-Titled-Tuesday-Blitz-January-30-2024"]
[Site "Chess.com"]
[Date "2024.01.30"]
[Round "5"]
[White "Logman74"]
[Black "kekic76"]
[Result "1-0"]
[WhiteElo "2577"]
[BlackElo "2352"]
[TimeControl "180+1"]
[EndTime "8:55:56 PST"]
[Termination "Logman74 won on time"]

1. e4 e6 2. d4 d5 3. Nc3 Bb4 4. e5 Qd7 5. Nf3 b6 6. Bd2 Ba6 7. Bxa6 Nxa6 8. Qe2 Nb8 9. a3 Be7 10. h4 c5 11. h5 Nc6 12. Be3 Rc8 13. O-O cxd4 14.
Bxd4 Nh6 15. Qd3 Nf5 16. Ne2 h6 17. c3 Na5 18. Rad1 Qa4 19. Ng3 Nxd4 20. Nxd4 Qc4 21.
Qe3 1-0

[Event "Early-Titled-Tuesday-Blitz-January-30-2024"]
[Site "Chess.com"]
[Date "2024.01.30"]
[Round "5"]
[White "lularobs"]
[Black "NewYearGirl"]
[Result "0-1"]
[WhiteElo "1569"]
[BlackElo "2365"]
[TimeControl "180+1"]
[EndTime "8:55:57 PST"]
[Termination "NewYearGirl won by checkmate"]

1. e4 c5 2. d4 cxd4 3. c3 dxc3 4.
Nxc3 d6 5. Nf3 g6 6. Bc4 Bg7 7. O-O Nf6 8. Qe2 O-O 9. Rd1 Nfd7 10. Bg5 h6 11. Bf4 Nc6 12. Rac1 Nde5 13. Bb3 Bg4 14. Bxe5 Nxe5 15. Nd5 e6 16. Nc7 Rc8 17. Nb5 Rxc1 18. Rxc1 Bxf3 19. gxf3 Qg5+ 20. Kf1 Qxc1+ 21. Kg2 Qg5+ 22.
Kf1 Rc8 23. Nc3 Qh5 24. Bd1 Qxh2 25. Ke1 h5 26. Kd2 h4 27. Nb5 h3 28. Nxd6 Bh6+ 29.
f4 Bxf4+ 30. Qe3 Qxf2+ 31. Be2 Qxe3+ 32. Ke1 Rc1# 0-1

[Event "Early-Titled-Tuesday-Blitz-January-30-2024"]
[Site "Chess.com"]
[Date "2024.01.30"]
[Round "5"]
[White "ejalmedina"]
[Black "whitemirrorninja"]
[Result "0-1"]
[WhiteElo "2292"]
[BlackElo "2491"]
[TimeControl "180+1"]
[EndTime "8:55:58 PST"]
[Termination "whitemirrorninja won on time"]

1. d4 e6 2. c4 c5 3. d5 exd5 4. cxd5 d6 5. Nc3 Nf6 6. e4 g6 7. h3 Bg7 8. Nf3 O-O 9. Bd3 Re8 10. O-O a6 11. a4 Nbd7 12. Bf4 Qc7 13. Re1 Nh5 14. Bh2 c4 15. Bc2 Nc5 16. Qd2 Bd7 17.
e5 dxe5 18. d6 Qa5 19. Nxe5 Be6 20. Rad1 Rad8 21. Nf3 Qb4 22. Bb1 Nb3 23. Qg5 Bf6 24. Qh6 Bg7 25. Qg5 h6 26. Qe3 Bd7 27. Qa7 Bc6 28.
Rxe8+ Rxe8 29. g4 Bxf3 30. d7 Rd8 31. Qe3 Bxd1 32. Qe8+ Qf8 33. Qxf8+ Bxf8 0-1

[Event "Early-Titled-Tuesday-Blitz-January-30-2024"]
[Site "Chess.com"]
[Date "2024.01.30"]
[Round "5"]
[White "crazy_but_lazy"]
[Black "tacticthunder"]
[Result "0-1"]
[WhiteElo "2594"]
[BlackElo "2803"]
[TimeControl "180+1"]
[EndTime "8:55:59 PST"]
[Termination "tacticthunder won by resignation"]

1. d4 Nf6 2. Nf3 e6 3. c4 c5 4.
g3 cxd4 5. Nxd4 d5 6. Bg2 e5 7. Nf3 d4 8. e3 Nc6 9. exd4 exd4 10. O-O Be7 11. Re1 O-O 12. a3 a5 13. Bf4 Nh5 14. Bc1 Be6 15. Nbd2 h6 16. Ne5 Nxe5 17. Rxe5 Nf6 18. Ne4 Bxc4 19. Bf4 Nxe4 20. Bxe4 Bd6 21. Rf5 Be6 22. Bxd6 Bxf5 23. Bxf8 Bxe4 24. Bc5 d3 25. f3 Bc6 26. Bf2 Qd5 27. Kg2 Re8 28. Rc1 Re2 29.
Rxc6 bxc6 0-1

[Event "Early-Titled-Tuesday-Blitz-January-30-2024"]
[Site "Chess.com"]
[Date "2024.01.30"]
[Round "5"]
[White "GatoRojo150"]
[Black "mbchess97"]
[Result "1-0"]
[WhiteElo "2589"]
[BlackElo "2370"]
[TimeControl "180+1"]
[EndTime "8:56:00 PST"]
[Termination "GatoRojo150 won by resignation"]

1. e4 c5 2. Nf3 d6 3. Nc3 Nc6 4. d4 cxd4 5. Nxd4 Nf6 6. Bc4 Qb6 7. Ndb5 a6 8. Be3 Qa5 9. Nd4 e6 10. O-O Be7 11. Bb3 Bd7 12. f4 Qh5 13. Nf3 Ng4 14. Bb6 O-O 15. h3 Nf6 16. Qe1 Rfe8 17. Rd1 d5 18. e5 d4 19. exf6 Bxf6 20. Nxd4 Nxd4 21.
Bxd4 Bxd4+ 22. Rxd4 Qc5 23. Qf2 1-0

[Event "Early-Titled-Tuesday-Blitz-January-30-2024"]
[Site "Chess.com"]
[Date "2024.01.30"]
[Round "5"]
[White "HATilay"]
[Black "Seochesspie"]
[Result "0-1"]
[WhiteElo "2541"]
[BlackElo "2865"]
[TimeControl "180+1"]
[EndTime "8:56:02 PST"]
[Termination "Seochesspie won on time"]

1. d4 Nf6 2. Nf3 e6 3. e3 b6 4. Bd3 Bb7 5. Nbd2 g6 6. O-O Bg7 7. c4 O-O 8. b4 d6 9. Bb2 Nbd7 10. a4 c5 11. bxc5 bxc5 12. a5 Rb8 13. Ra2 Qc7 14. Qe2 cxd4 15. exd4 Nh5 16. Qe3 a6 17.
Ba1 Rfe8 18. Re1 e5 19. Bf1 Ba8 20. d5 Nc5 21. Ng5 Bh6 22. f4 Nxf4 23. Qg3 f5 24.
Ndf3 Bg7 25. Qh4 h6 26. Ne6 Ncxe6 27. dxe6 Nxe6 28. c5 Nxc5 29. Bc4+ d5 30. Bf1 Ne4 0-1

[Event "Early-Titled-Tuesday-Blitz-January-30-2024"]
[Site "Chess.com"]
[Date "2024.01.30"]
[Round "5"]
[White "averageFM"]
[Black "margarita_2703"]
[Result "1-0"]
[WhiteElo "2574"]
[BlackElo "2332"]
[TimeControl "180+1"]
[EndTime "8:56:02 PST"]
[Termination "averageFM won by resignation"]

1. d4 d5 2. e4 dxe4 3. Nc3 Nf6 4.
f3 exf3 5. Nxf3 Bf5 6. Bc4 e6 7. O-O c6 8. Ne5 Bg6 9. Be3 Nbd7 10. Qf3 Bd6 11. Bf4 Qe7 12. Rae1 O-O-O 13. Nxc6 Qf8 14. Nxa7+ Kb8 15. Nab5 Nb6 16. Nxd6 Rxd6 17. Bd3 Ka8 18. Bxg6 hxg6 19. Nb5 Rd5 20. Nc7+ Ka7 21. Nxd5 Nbxd5 22. c4 Nxf4 23. Qxf4 Qb4 24. Qe3 b6 25. Qc3 Qxc3 26. bxc3 Rc8 27. g4 Rc7 28. g5 Nh5 29. d5 Rxc4 30. Rxf7+ Ka6 31. dxe6 Rxc3 32. e7 1-0

[Event "Early-Titled-Tuesday-Blitz-January-30-2024"]
[Site "Chess.com"]
[Date "2024.01.30"]
[Round "5"]
[White "Sanyura"]
[Black "korkmaz16"]
[Result "1-0"]
[WhiteElo "2637"]
[BlackElo "2454"]
[TimeControl "180+1"]
[EndTime "8:56:03 PST"]
[Termination "Sanyura won by resignation"]

1. e4 e5 2. Nf3 Nc6 3. Bb5 a6 4. Ba4 Nf6 5. O-O b5 6. Bb3 Nxe4 7. d4 d5 8. dxe5 Be6 9. Re1 Nc5 10. Nc3 Nxb3 11.
axb3 d4 12. Ne2 Bc5 13. Nf4 Qd7 14. Ng5 O-O 15. Qh5 h6 16. Ne4 Bb6 17. Nf6+ gxf6 18. exf6 Kh7 19. Nh3 1-0